 Dungeon Crawl Stone Soup version 0.30-a0-145-g03d90e2e6d (webtiles) character file.

Game seed: 747295568204265944

114 qw the Chopper (level 4, -3/28 HPs)
             Began as a Gargoyle Fighter on Sept 26, 2022.
             Killed by divine providence
             ... invoked by an orc priest
              (12 damage)
             ... on level 3 of the Dungeon.
             The game lasted 00:01:03 (3158 turns).

qw the Chopper (Gargoyle Fighter)                   Turns: 3158, Time: 00:01:03

Health: -3/28      AC: 10    Str: 21    XL:     4   Next: 97%
Magic:  4/4        EV:  9    Int:  9    God:
Gold:   186        SH:  4    Dex:  9    Spells: 3/3 levels left

rFire   . . .      SeeInvis .    Y - +0 war axe
rCold   . . .      Faith    .    c - +0 buckler
rNeg    + . .      Spirit   .    b - +0 scale mail
rPois   inf        Reflect  .    (no helmet)
rElec   +          Harm     .    (no cloak)
rCorr   .          Rampage  .    (no gloves)
Will    .....                    (no boots)
Stlth   ..........               (no amulet)
HPRegen 0.09/turn                (no ring)
MPRegen 0.09/turn                (no ring)

@: no status effects
A: sickness immunity, AC +3, negative energy resistance 1, electricity
resistance, torment resistance 1, petrification resistance
a: no special abilities


You were on level 3 of the Dungeon.
You visited 1 branch of the dungeon, and saw 3 of its levels.

You collected 186 gold pieces.


Innate Abilities, Weirdness & Mutations

You are immune to sickness and miasma.
Your stone body is resilient. (AC +3)
You are immune to poison.
You resist negative energy. (rN+)
You are resistant to electric shocks. (rElec)
You are resistant to unholy torment.
You are immune to petrification.


   Skills:
 - Level 3.2 Fighting
 + Level 4.5 Axes
 - Level 3.2 Armour
 - Level 3.2 Shields


You had 3 spell levels left.
You didn't know any spells.
Your spell library was empty.

Inventory:

Hand Weapons
 a - a +0 flail
 Y - a +0 war axe (weapon)
Armour
 b - a +0 scale mail (worn)
 c - a +0 buckler (worn)
Scrolls
 g - a scroll of teleportation
 i - a scroll of identify
Potions
 d - a potion of might
 e - a potion of attraction
 f - a potion of curing
 h - a potion of heal wounds {unknown}

Dungeon Overview and Level Annotations

Branches:
Dungeon (3/15)

Altars:

Shops:
D:1 [


Message History

The gnoll shoots a sling bullet.
The sling bullet hits you but does no damage.
Items here: $ % ( / ? [.
Enter note:
Enter note: The gnoll shoots a sling bullet.
The sling bullet barely misses you. The goblin barely misses you.
Enter note:
Enter note:
Enter note: You slash the goblin!
You kill the goblin!
You hit the hobgoblin but do no damage.
The gnoll shoots a sling bullet.
The sling bullet misses you. The hobgoblin completely misses you.
The hobgoblin hits you but does no damage.
The orc hits you from afar with a +0 trident.
The gnoll shoots a sling bullet.
The sling bullet hits you.
An orc priest comes into view. It is wielding a +0 flail.
You closely miss the orc. You closely miss the hobgoblin.
The gnoll shoots a sling bullet.
You block the sling bullet.
The hobgoblin hits you but does no damage.
The orc closely misses you.
The orc hits you from afar with a +0 trident.
You hit the orc but do no damage. You hit the hobgoblin.
You kill the hobgoblin!
The orc hits you but does no damage.
The orc hits you from afar with a +0 trident.
A dart slug comes into view.
The orc barely misses you.
You barely miss the gnoll. You hit the orc but do no damage.
The orc hits you with a +0 flail.
The gnoll unwields a +0 sling.
You block the gnoll's attack. The orc closely misses you.
You barely miss the gnoll. You hit the orc but do no damage.
You block the orc's attack. x2; The gnoll barely misses you.
You hit the gnoll but do no damage. You barely miss the orc.
You block the orc's attack.
The orc priest mumbles some strange prayers to Beogh against you.
Beogh smites you!
You die...

.###...)........### #..# #
.....############ ##.### ##.....#
#..## ...)##.## ##....
###.##..### #.......##
......#...##############.#####.#.
####.................... #...
##.####.#####(....... ##.. #.#
#.....o@g...... #..
#.#######...)....... #..
#####.......^...o.o..... #..
......#................. ##..
#########)...#.......... #...
.......##.##........w.). #.##
######.................. ....#
###..####..<....... .:....#
###.## .. ........#


You could see an orc priest, a gnoll, a dart slug and 2 orcs.

Vanquished Creatures
  An adder (D:3)
  3 gnolls (D:3)
  A worm (D:2)
  A dart slug (D:1)
  An orc (D:3)
  9 endoplasms
  4 giant cockroaches
  5 goblins
  9 hobgoblins
  3 quokkas
  4 ball pythons
  7 bats
  6 frilled lizards
  3 kobolds
  10 rats
67 creatures vanquished.

Notes
Turn   | Place    | Note
-------+----------+-------------------------------------------
     0 | D:1      | qw the Gargoyle Fighter began the quest for the Orb.
     0 | D:1      | Reached XP level 1. HP: 14/14 MP: 1/1
     0 | D:1      | 0 ||| qw: Version: 0.2-a-10-g399e6c4
     0 | D:1      | 0 ||| qw: Game counter: 518
     0 | D:1      | 0 ||| qw: Always use a shield: true
     0 | D:1      | 0 ||| qw: God list: Okawaru
     0 | D:1      | 0 ||| qw: Allow faded altars: false
     0 | D:1      | 0 ||| qw: Do Orc after D:15 true
     0 | D:1      | 0 ||| qw: Do second Lair branch before Depths: true
     0 | D:1      | 0 ||| qw: Lair rune preference: random
     0 | D:1      | 0 ||| qw: Plans: Normal, Zot:1-4, God:TSO, Crypt, Tomb,
                  | Pan, Slime:5, Hells, Abyss, Orb
     0 | D:1      | 0 ||| PLANNING D:1-11
    34 | D:1      | 34 ||| Stepping ~*~*~tactically~*~*~ (hiding).
    43 | D:1      | Reached skill level 2 in Axes
   153 | D:1      | 153 ||| Stepping ~*~*~tactically~*~*~ (stealth).
   160 | D:1      | Reached XP level 2. HP: 8/19 MP: 2/2
   507 | D:1      | Found Riyge's Armour Boutique.
   509 | D:1      | 509 ||| Stepping ~*~*~tactically~*~*~ (stealth).
   511 | D:1      | 511 ||| Stepping ~*~*~tactically~*~*~ (stealth).
   512 | D:1      | 512 ||| Stepping ~*~*~tactically~*~*~ (stealth).
   514 | D:1      | 514 ||| Stepping ~*~*~tactically~*~*~ (stealth).
   516 | D:1      | 516 ||| Stepping ~*~*~tactically~*~*~ (stealth).
   696 | D:1      | 696 ||| SHOPLISTING +0 chain mail (63 gold, have 19).
   696 | D:1      | 696 ||| SHOPLISTING +0 helmet (63 gold, have 19).
   696 | D:1      | 696 ||| SHOPLISTING +0 pair of boots (63 gold, have 19).
   696 | D:1      | 696 ||| SHOPLISTING +3 ring mail of willpower (364 gold,
                  | have 19).
   709 | D:1      | Reached skill level 3 in Axes
   743 | D:1      | Reached XP level 3. HP: 23/23 MP: 3/3
  1286 | D:1      | 1286 ||| DROPPING +0 club.
  1574 | D:1      | 1574 ||| READING scroll labelled QAV TEOKELOX.
  1575 | D:1      | 1575 ||| READING scroll labelled NIUDEN GUISIEZ.
  1578 | D:1      | 1578 ||| READING scroll labelled CUTYAS TYCYR.
  1610 | D:2      | 1610 ||| STAIRDANCE
  1670 | D:2      | 1670 ||| Stepping ~*~*~tactically~*~*~ (stealth).
  2176 | D:2      | Reached XP level 4. HP: 28/28 MP: 4/4
  2312 | D:2      | 2312 ||| READING scroll labelled JOK AGOANGETT.
  2313 | D:2      | 2313 ||| READING scroll labelled PITZEYVYUT.
  2314 | D:2      | 2314 ||| DRINKING 2 cyan potions.
  2315 | D:2      | 2315 ||| DRINKING 2 green potions.
  2457 | D:3      | Reached skill level 4 in Axes
  2490 | D:3      | HP: 6/28 [gnoll/+0 club (4)]
  2491 | D:3      | 2491 ||| READING 2 scrolls of teleportation.
  2495 | D:3      | 2495 ||| READING scroll of teleportation.
  2500 | D:3      | HP: 5/28 [bat (1)]
  2790 | D:3      | 2790 ||| Stepping ~*~*~tactically~*~*~ (stealth).
  2895 | D:3      | 2895 ||| Stepping ~*~*~tactically~*~*~ (stealth).
  2900 | D:3      | 2900 ||| Stepping ~*~*~tactically~*~*~ (stealth).
  2909 | D:3      | 2909 ||| DROPPING +0 whip.
  2921 | D:3      | 2921 ||| Stepping ~*~*~tactically~*~*~ (hiding).
  3141 | D:3      | 3141 ||| Stepping ~*~*~tactically~*~*~ (hiding).
  3142 | D:3      | 3142 ||| Stepping ~*~*~tactically~*~*~ (hiding).
  3158 | D:3      | Killed from afar by an orc priest

Levels and vault maps discovered:
D:1:      wheals_arrival_linesprint, layout_basic, serial_shops,
          nicolae_shop_crystal
D:2:      layout_rooms
D:3:      layout_rooms, shapermc_ecumenical_altar_mp_vishouse

Skill      XL: |  1  2  3  4 |
---------------+-------------+-----
Axes           | 2 3 4 |  4.5
Fighting       | |  3.2
Armour         | |  3.2
Shields        | |  3.2

Action                   |  1- 3 |  4- 6 || total
-------------------------+-------+-------++-------
Melee: War axe           |   154 |    84 ||   238
  Use: Scroll            |     3 |     4 ||     7
       Potion            |       |     2 ||     2
 Stab: Distracted        |       |     1 ||     1
Armor: Scale mail        |    72 |    38 ||   110
Dodge: Dodged            |    76 |    44 ||   120
Block: Buckler           |    24 |    26 ||    50

Table legend:
 A = Non-vault XP
 B = Vault XP
 C = Vault XP percentage of total XP
 D = Non-vault monster count
 E = Vault monster count
 F = Vault count percentage of total count
                 A         B        C        D         E       F
            +---------+---------+-------+---------+---------+-------
      Total |     163 |       0 |   0.0 |      67 |       0 |   0.0
            +---------+---------+-------+---------+---------+-------
        D:1 |      59 |       0 |   0.0 |      34 |       0 |   0.0
        D:2 |      24 |       0 |   0.0 |      14 |       0 |   0.0
        D:3 |      80 |       0 |   0.0 |      19 |       0 |   0.0
            +---------+---------+-------+---------+---------+-------
